 Dungeon Crawl Stone Soup version 0.21-a0-621-gc60411f (webtiles) character file.

3176 Gaball the Basher (level 9, 0/94 HPs)
             Began as a Demonspawn Abyssal Knight on Dec 23, 2017.
             Was an Elder of Lugonu.
             Slain by an ogre
             ... wielding a +0 giant club
              (14 damage)
             ... on level 8 of the Dungeon.
             The game lasted 00:19:14 (8147 turns).

Gaball the Basher (Demonspawn Abyssal Knight)       Turns: 8147, Time: 00:19:15

Health: 0/94       AC: 24    Str: 22    XL:     9   Next: 63%
Magic:  16/16      EV:  2    Int: 14    God:    Lugonu [****..]
Gold:   420        SH:  0    Dex: 13    Spells: 8/8 levels left

rFire    + . .     SeeInvis .   a - +2 mace
rCold    . . .     Gourm    +   (no shield)
rNeg     + + +     Faith    .   (armour currently unavailable)
rPois    +         Spirit   .   (helmet currently unavailable)
rElec    .         Reflect  .   (cloak currently unavailable)
rCorr    .         Harm     .   (gloves currently unavailable)
MR       +....     NoTele   +   (boots currently unavailable)
Stlth    +.........             z - amulet of the gourmand
HPRegen  0.25/turn              s - ring of protection from cold
MPRegen  0.15/turn              h - ring of fire

@: mighty, tree-form
A: demonic guardian 2, magic resistance 1, powered by pain 2, strong 1,
MP-powered wands
a: Depart the Abyss, Bend Space, Banish, Corrupt, Renounce Religion


You were on level 8 of the Dungeon.
You worshipped Lugonu.
Lugonu was greatly pleased with you.
You were near starving.
You were a tree.
You visited 1 branch of the dungeon, and saw 8 of its levels.
You visited the Abyss 1 time.

You collected 459 gold pieces.
You spent 39 gold pieces at shops.

Inventory:

Hand Weapons
 a - a +2 mace (weapon)
Armour
 b - a +0 leather armour
 n - a +2 cloak (melded)
 t - a -2 scale mail
 v - a +0 chain mail (melded)
Jewellery
 h - a ring of fire (right branch)
 l - an uncursed ring of flight
 s - a ring of protection from cold (left branch)
 z - an amulet of the gourmand (around neck)
 D - an uncursed ring of magical power {unknown}
Wands
 j - a wand of iceblast (8)
 m - a wand of digging (22)
 r - a wand of polymorph (26)
 u - a wand of disintegration (6)
 A - a wand of acid (6)
 C - a wand of enslavement (15)
Scrolls
 d - 6 scrolls of enchant weapon
 e - a scroll of fear
 f - 2 scrolls of teleportation
 i - a scroll of fog
 y - a scroll of summoning {unknown}
 B - a scroll of amnesia {unknown}
Potions
 k - a potion of mutation
 o - a potion of haste
 q - a potion of curing
 w - a potion of invisibility {unknown}
 x - 2 potions of flight {unknown}
Comestibles
 c - 17 rations


   Skills:
 - Level 3.0 Fighting
 + Level 10.4 Maces & Flails
 - Level 1.7 Armour
 - Level 0.8 Dodging
 + Level 10.3 Invocations


You had 8 spell levels left.
You didn't know any spells.

Dungeon Overview and Level Annotations

Branches:
Dungeon (8/15)             Temple (0/1) D:4
   Lair: D:8-11

Altars:
Ashenzari
Cheibriados
Fedhas
Makhleb
Vehumet
Beogh

Shops:
D:8 *

Annotations:
D:4 tidbits's ghost, novice GnSu
D:7 exclusion: oklob plant


Innate Abilities, Weirdness & Mutations

((You have razor-sharp toenails.))
A demonic guardian rushes to your aid.
You sometimes gain power by taking damage.
You are resistant to hostile enchantments. (MR+)
Your muscles are strong. (Str +2)
You expend magic power (3 MP) to strengthen your wands.


Message History

The orc hits you but does no damage.
Your orange demon barely misses the orc.
An orc and an ogre come into view.
You barely miss the ogre. The ogre hits you with a giant club.
* * * LOW HITPOINT WARNING * * *
The orc moves out of view.
You sock the ogre!
The ogre is moderately wounded.
Your orange demon disappears in a puff of smoke!
The orc hits you but does no damage.
Unknown command.
You sock the ogre!
The ogre is almost dead.
The ogre hits you with a giant club!
* * * LOW HITPOINT WARNING * * *
The orc hits you but does no damage.
Unknown command.
You feel better. The orc hits you but does no damage.
The ogre hits you with a giant club!
You die...

...#.........+....#..# #...
##########'###....####### ####...
#......)........#######.###..##..
#....#############............'..
#...## ##### ##...........#..
#...# ....###########..##.. #...#
##o).####...###..#... #...# .
#ooO§##..>....#..#... #>..# ...
#♣##.......#..#... #...#
.8$8(##)##.......#..'... #..©#
.._))}#©##©......'..#... #...#
o8$8[##.##.......#..#<.. #...#
o... #.######..#####... ....# .#.
..######..##.#.).. ....# #
..##..#......#.... ....#
..###..#......#.... ....# ##
###'########....


You could see an ogre and 3 orcs.

Vanquished Creatures
  A phantom (D:8)
  A sky beast (D:7)
  A centaur (D:8)
  2 ogres (D:8)
  A big kobold (D:8)
  4 bullfrogs
  A scorpion (D:8)
  2 wights (D:7)
  5 crimson imps
  A bullfrog zombie (D:8)
  5 hounds
  4 jellies
  3 orc priests (D:8)
  2 orc wizards
  Jessica (D:3)
  Natasha (D:4)
  6 worker ants
  4 hound skeletons
  8 gnolls
  5 adders
  2 oozes
  An adder skeleton (D:4)
  3 worms
  5 leopard geckos
  17 orcs
  2 ball pythons
  7 bats
  13 giant cockroaches
  17 goblins
  7 hobgoblins
  4 quokkas
  4 frilled lizards
  12 kobolds
  A leopard gecko skeleton (D:4)
  A leopard gecko zombie (D:7)
  7 rats
161 creatures vanquished.

Vanquished Creatures (collateral kills)
  2 two-headed ogres (D:8)
  Eustachio (D:5)
  2 orc warriors
  An ice beast (D:5)
  A sky beast (D:5)
  A necrophage (D:7)
  A bullfrog (D:6)
  2 wights (D:7)
  A crimson imp (D:5)
  A hound (D:5)
  An iguana (D:8)
  A centaur skeleton (D:5)
  A killer bee zombie (D:6)
  2 gnolls
  9 orcs
27 creatures vanquished.

Vanquished Creatures (others)
  An orc warrior (D:8)
  24 toadstools (D:7)
25 creatures vanquished.

Grand Total: 213 creatures vanquished

Notes
Turn   | Place    | Note
-------+----------+-------------------------------------------
     0 | Abyss:1  | Gaball the Demonspawn Abyssal Knight began the quest for the Orb.
     0 | Abyss:1  | Reached XP level 1. HP: 18/18 MP: 2/2
    51 | Abyss:1  | Noticed a blink frog
    65 | Abyss:1  | Noticed a neqoxec
    68 | D:1      | Escaped the Abyss
   265 | D:1      | Reached * piety under Lugonu
   450 | D:1      | Gained mutation: You have sharp toenails. [demonic ancestry]
   450 | D:1      | Reached XP level 2. HP: 21/24 MP: 3/3
   955 | D:1      | Reached XP level 3. HP: 25/29 MP: 4/4
  1484 | D:2      | Reached ** piety under Lugonu
  2240 | D:3      | Gained mutation: A weak demonic guardian rushes to your aid. [demonic ancestry]
  2240 | D:3      | Reached XP level 4. HP: 18/35 MP: 5/5
  2632 | D:3      | Noticed Jessica
  2640 | D:3      | Killed Jessica
  2646 | D:3      | Reached *** piety under Lugonu
  3028 | D:3      | Gained mutation: You sometimes gain a little power by taking damage. [demonic ancestry]
  3028 | D:3      | Reached XP level 5. HP: 34/41 MP: 6/6
  3101 | D:3      | Gained mutation: You are resistant to hostile enchantments. (MR+) [potion of mutation]
  3101 | D:3      | Gained mutation: You expend magic power (3 MP) to strengthen your wands. [potion of mutation]
  3101 | D:3      | Gained mutation: Your muscles are strong. (Str +2) [potion of mutation]
  3198 | D:3      | Reached skill level 5 in Maces & Flails
  3611 | D:4      | Noticed tidbits's ghost (novice GnSu)
  3904 | D:4      | Found a snail-covered altar of Cheibriados.
  3949 | D:4      | Found a staircase to the Ecumenical Temple.
  4013 | D:4      | Gained mutation: A demonic guardian rushes to your aid. [demonic ancestry]
  4013 | D:4      | Reached XP level 6. HP: 39/47 MP: 7/7
  4082 | D:4      | Noticed Natasha
  4090 | D:4      | Killed Natasha
  4263 | D:5      | Entered Level 5 of the Dungeon
  4471 | D:5      | Noticed a sky beast
  4478 | D:5      | Killed a sky beast
  4504 | D:5      | Noticed Eustachio
  4513 | D:5      | Killed Eustachio
  4513 | D:5      | Gained mutation: You sometimes gain power by taking damage. [demonic ancestry]
  4513 | D:5      | Reached XP level 7. HP: 46/52 MP: 8/8
  4775 | D:5      | Found a radiant altar of Vehumet.
  4776 | D:5      | Found a burning altar of Makhleb.
  4884 | D:6      | Reached **** piety under Lugonu
  5091 | D:6      | Found a shattered altar of Ashenzari.
  5308 | D:6      | Reached XP level 8. HP: 45/58 MP: 11/11
  5788 | D:7      | Reached skill level 5 in Invocations
  6594 | D:7      | Found a blossoming altar of Fedhas.
  6605 | D:7      | Noticed an oklob plant
  6746 | D:8      | Noticed a two-headed ogre
  6758 | D:8      | Killed a two-headed ogre
  6758 | D:8      | Gained mutation: You have razor-sharp toenails. [demonic ancestry]
  6758 | D:8      | Reached XP level 9. HP: 61/63 MP: 13/15
  7196 | D:8      | Found Hetafice's General Store.
  7199 | D:8      | Bought a potion of lignification for 39 gold pieces
  7390 | D:8      | Noticed a two-headed ogre
  7398 | D:8      | Killed a two-headed ogre
  7398 | D:8      | Reached skill level 10 in Maces & Flails
  7654 | D:8      | Found a transporter.
  7937 | D:8      | Reached skill level 10 in Invocations
  8111 | D:8      | Found a roughly hewn altar of Beogh.
  8147 | D:8      | Slain by an ogre

Vault maps used:
D:1:      evilmike_arrival_rings, minmay_pentomino_t2
D:2:      first_ration
D:3:      uniq_jessica
D:4:      cheibriados_altar_1, minmay_temple_entry_purple_smoke, serial_forest,
          infiniplex_forest_lined_2, infiniplex_forest_fountain,
          infiniplex_forest_clump_large, infiniplex_forest_lined_room_2,
          infiniplex_forest_clump_tiny, st_stairs_4, uniq_natasha
D:5:      grunt_temple_overflow_lords_of_destruction, uniq_eustachio
D:6:      lemuel_round_altar, minivault_22
D:7:      tgw_fedhas
D:8:      gammafunk_beogh_shrine, serial_shops, kennysheep_mini

Skill      XL: |  1  2  3  4  5  6  7  8  9 |
---------------+----------------------------+-----
Maces & Flails | 2 3 4 5 7 8 9 10 | 10.4
Invocations    | 4 8 10 | 10.3
Fighting       | |  3.0
Armour         | |  1.7
Dodging        | |  0.8

Action                   |  1- 3 |  4- 6 |  7- 9 || total
-------------------------+-------+-------+-------++-------
Melee: Mace              |   134 |   168 |   315 ||   617
       Kick              |    22 |    24 |    87 ||   133
Invok: Depart the Abyss  |     1 |       |       ||     1
       Banish            |       |       |     1 ||     1
Evoke: Wand              |       |     3 |     2 ||     5
  Use: Potion            |       |     3 |     5 ||     8
       Scroll            |       |     6 |     5 ||    11
 Stab: Sleeping          |     1 |       |     1 ||     2
  Eat: Chunk             |     4 |     8 |    11 ||    23
Armor: Leather armour    |    29 |    62 |     8 ||    99
       Scale mail        |       |     1 |    69 ||    70
       Chain mail        |       |       |    42 ||    42
       Skin              |       |       |    38 ||    38
Dodge: Dodged            |    77 |   102 |   114 ||   293

Table legend:
 A = Spawn XP
 B = Non-spawn XP
 C = Spawn XP percentage of total XP
 D = Spawn monster count
 E = Non-spawn monster count
 F = Spawn count percentage of total count
 G = Total turns spent on level
                    A         B        C        D         E        F      G
               +---------+---------+-------+---------+---------+-------+---------
         Total |       0 |    4538 |   0.0 |       0 |     189 |   0.0 |  8147
               +---------+---------+-------+---------+---------+-------+---------
           D:1 |       0 |      45 |   0.0 |       0 |      23 |   0.0 |  1087
           D:2 |       0 |      41 |   0.0 |       0 |      23 |   0.0 |  1065
           D:3 |       0 |     204 |   0.0 |       0 |      37 |   0.0 |  1275
           D:4 |       0 |     127 |   0.0 |       0 |       9 |   0.0 |   768
           D:5 |       0 |     565 |   0.0 |       0 |      18 |   0.0 |   550
           D:6 |       0 |     526 |   0.0 |       0 |      20 |   0.0 |   969
           D:7 |       0 |     765 |   0.0 |       0 |      26 |   0.0 |   946
           D:8 |       0 |    2265 |   0.0 |       0 |      33 |   0.0 |  1419
               +---------+---------+-------+---------+---------+-------+---------
